 Dungeon Crawl Stone Soup version 0.24-a0-417-g1cce26a4d2 (webtiles) character file.

Game seed: 6557208754601477496

49686 Ezendos the Fighter (level 14, -12/91 HPs)
             Began as a Deep Elf Conjurer on June 9, 2019.
             Was a High Priest of Vehumet.
             Mangled by Snorg (13 damage)
             ... on level 12 of the Dungeon on June 10, 2019.
             The game lasted 02:09:53 (31285 turns).

Ezendos the Fighter (Deep Elf Conjurer)            Turns: 31285, Time: 02:09:55

Health: -12/91     AC:  8    Str:  8    XL:     14   Next: 16%
Magic:  3/31       EV: 20    Int: 26    God:    Vehumet [*****.]
Gold:   863        SH: 11    Dex: 15    Spells: 2/35 levels left

rFire    . . .     SeeInvis .   s - +8 dagger (elec)
rCold    . . .     Gourm    .   N - +1 buckler
rNeg     . . .     Faith    .   S - +1 robe {MR+}
rPois    +         Spirit   .   G - +0 helmet
rElec    .         Reflect  +   t - +0 cloak
rCorr    .         Harm     .   v - +1 pair of gloves {Str+3}
MR       +++..                  F - +0 pair of boots
Stlth    ++........             y - +5 amulet of reflection
HPRegen  0.25/turn              K - ring of poison resistance
MPRegen  0.22/turn              W - ring of protection from magic

@: no status effects
A: no striking features
a: Renounce Religion


You were on level 12 of the Dungeon.
You worshipped Vehumet.
Vehumet was extremely pleased with you.
You were not hungry.

You visited 3 branches of the dungeon, and saw 20 of its levels.

You collected 1373 gold pieces.
You spent 510 gold pieces at shops.

Inventory:

Hand Weapons
 s - a +8 dagger of electrocution (weapon)
 I - the +6 war axe "Boacveom" {speed, *Corrode rPois rN+++ Stlth+}
   (You took it off a wight on level 9 of the Dungeon)

   Attacks with this weapon are significantly faster.
   It protects you from poison.
   It renders you almost immune to negative energy.
   It may corrode you when you take damage.
   It makes you more stealthy.
 L - a +1 demon blade of draining
Armour
 t - a +0 cloak (worn)
 v - a +1 pair of gloves of strength (worn)
 F - a +0 pair of boots (worn)
 G - a +0 helmet (worn)
 N - a +1 buckler (worn)
 S - a +1 robe of magic resistance (worn)
Magical Staves
 a - an uncursed staff of power {!a}
 b - an uncursed staff of conjuration {!a}
 e - an uncursed staff of energy {!a}
Jewellery
 y - a +5 amulet of reflection (around neck)
 C - an uncursed ring of protection from fire
 E - the ring "Usiaw" {rPois Str+5 Int-2 Stlth+}
   (You found it on level 7 of the Dungeon)

   [ring of poison resistance]

   It affects your strength (+5).
   It affects your intelligence (-2).
   It protects you from poison.
   It makes you more stealthy.
 K - a ring of poison resistance (left hand)
 O - an uncursed ring of protection from magic
 T - an uncursed ring of positive energy
 W - a ring of protection from magic (right hand)
Wands
 D - a wand of flame (56)
 J - a wand of iceblast (6)
 U - a wand of polymorph (9)
 V - a wand of digging (7)
Scrolls
 c - 3 scrolls of fog
 j - 2 scrolls of fear
 k - 7 scrolls of remove curse
 x - 4 scrolls of amnesia
 H - 3 scrolls of magic mapping
 Q - 5 scrolls of teleportation
 Y - a scroll of holy word
Potions
 f - a potion of magic
 g - a potion of heal wounds
 h - 4 potions of brilliance
 i - 3 potions of flight
 l - a potion of might
 m - 7 potions of curing
 n - 5 potions of lignification
 o - 3 potions of resistance
 p - 4 potions of haste
 q - 4 potions of cancellation
 r - 2 potions of agility
 z - 3 potions of mutation
 A - a potion of berserk rage
 B - 2 potions of ambrosia
Miscellaneous
 w - a lightning rod (4/4)
 P - a fan of gales
Comestibles
 d - 30 rations


   Skills:
 + Level 11.8 Fighting
 - Level 4.0 Short Blades
 + Level 11.5 Dodging
 - Level 2.4 Stealth
 - Level 4.0 Shields
 * Level 11.0 Spellcasting
 + Level 9.8 Conjurations
 - Level 5.2 Hexes
 - Level 4.2 Charms
 - Level 10.3 Air Magic
 - Level 3.0 Poison Magic
 - Level 5.7 Evocations


You had 2 spell levels left.
You knew the following spells:

 Your Spells              Type           Power        Failure   Level  Hunger
a - Magic Dart            Conj           ####         1%          1    None
b - Searing Ray           Conj           ######       1%          2    None
c - Iskenderun's Mystic   Conj           ######..     1%          4    None
d - Iskenderun's Battles  Conj/Chrm      ######..     1%          5    ###....
e - Mephitic Cloud        Conj/Pois/Air  ######..     1%          3    None
f - Poisonous Vapours     Pois/Air       #####.       1%          2    None
g - Fulminant Prism       Conj/Hex       ######....   1%          4    None
h - Conjure Flame         Conj/Fire      #####...     1%          3    None
i - Airstrike             Air            ######....   1%          4    None
j - Fireball              Conj/Fire      #####.....   4%          5    ###....

Your spell library contained the following spells:

 Spells                   Type           Power        Failure   Level  Hunger
 Confusing Touch          Hex            #####.       1%          1    None
 Shock                    Conj/Air       ####         1%          1    None
 Sting                    Conj/Pois      ####         1%          1    None
 Swiftness                Chrm/Air       ######..     1%          2    None
 Animate Skeleton         Necr           N/A          4%          1    None
 Apportation              Tloc           ##....       4%          1    None
 Summon Small Mammal      Summ           ##..         4%          1    None
 Dazzling Spray           Conj/Hex       ######       1%          3    None
 Static Discharge         Conj/Air       ######..     1%          3    None
 Force Lance              Conj/Tloc      #####...     1%          4    None
 Lightning Bolt           Conj/Air       ######....   1%          5    ###....
 Ignite Poison            Fire/Tmut/Pois ###.....     2%          3    None
 Venom Bolt               Conj/Pois      #####.....   2%          5    ###....
 Olgreb's Toxic Radiance  Pois           ####....     3%          4    None
 Silence                  Hex/Air        ######....   4%          5    ###....
 Bolt of Magma            Conj/Fire/Erth ####......   9%          5    ###....
 Orb of Destruction       Conj           ######....   16%         7    ######.
 Iron Shot                Conj/Erth      #####.....   21%         6    #####..
 Spellforged Servitor     Conj/Summ      #####.....   71%         7    ######.


Dungeon Overview and Level Annotations

Branches:
Dungeon (13/15)            Temple (1/1) D:5            Lair (6/6) D:9
 Shoals (0/4) Lair:4        Snake (0/4) Lair:2        Slime (0/5) Lair:5
    Orc (0/2) D:11
 Vaults: D:13-14

Altars:
Ashenzari
Cheibriados
Dithmenos
Elyvilon
Fedhas
Gozag
Hepliaklqana
Kikubaaqudgha
Makhleb
Nemelex Xobeh
Okawaru
Qazlal
Ru
Sif Muna
Trog
Uskayaw
Vehumet
Wu Jian
Xom
Yredelemnul
Zin
The Shining One
Jiyva

Shops:
D:6 (}!?!   D:10 [(?!

Annotations:
D:4 1 runed translucent door, Gargoyl's ghost, novice CeAK
D:8 Gastronok
D:12 Snorg
Lair:3 3 runed translucent doors, Vuisesm's ghost, journeyman SpEn


Message History

Snorg is almost dead.
You block Snorg's attack. Snorg claws you!! Snorg completely misses you.
You catch the helpless Snorg completely off-guard!
You impale Snorg!!
Snorg is almost dead.
You hit Snorg.
Snorg is almost dead.
Snorg barely misses you. You block Snorg's attack. Snorg misses you.
You hit Snorg.
Snorg is almost dead.
You hit Snorg.
Snorg is almost dead.
Snorg seems less confused.
Snorg bites you! Snorg claws you!!
* * * LOW HITPOINT WARNING * * *
Snorg barely misses you. Snorg bites you!
* * * LOW HITPOINT WARNING * * *
Snorg claws you!
* * * LOW HITPOINT WARNING * * *
Snorg claws you!
You die...

.................# ##......#
...(.............# ##......##
#.....####......[# #..####..##
##...## ##.#....# #..# ##...
.....## ##.....# ##.## #...
......## #..††..# ##..# #...
..#.#..####.#.>..# #..## ##...
#...#..##...###((####.## #....
#...##.....###..@.##..####
##..##
#..#..#####..#.##T#....#.###.(##
####### #...#####....#..[..(# #
#.### #####[.....## # ###
##.[......# ## #..#......#### .#
##..###.......# ## #...#
#........ ########...##..


You could see Snorg (berserk).

Vanquished Creatures
  Frances (D:12)
  Kirke (Lair:4)
  Josephine (Lair:4)
  Fannar (Lair:1)
  3 hydras
  4 two-headed ogres
  5 death yaks (Lair:5)
  Urug (Lair:2)
  Sonja (Lair:4)
  Nergalle (D:12)
  2 ugly things
  An oklob plant (Lair:6)
  A cyclops (D:12)
  7 black mambas
  Maurice (D:11)
  A gargoyle (D:10)
  A torpor snail (Lair:3)
  13 spiny frogs
  5 komodo dragons
  2 rime drakes (Lair:6)
  A troll (D:12)
  3 polar bears
  4 hornets
  3 blink frogs
  6 dream sheep (Lair:6)
  9 hippogriffs
  5 wraiths
  9 spriggans
  31 yaks
  A shadow (D:12)
  3 basilisks
  4 wyverns
  8 hogs
  A human (D:10)
  Grum (D:9)
  A hungry ghost (D:12)
  A naga (Lair:2)
  13 water moccasins
  Duvessa (D:5)
  9 porcupines
  6 orc warriors
  2 sky beasts
  4 black bears
  A swamp drake (D:11)
  5 ice beasts
  4 boggarts
  A phantom (D:10)
  19 wolves
  9 centaurs
  3 ogres
  3 necrophages
  9 crocodiles
  2 big kobolds
  8 bullfrogs
  Dowan (D:5)
  8 killer bees
  12 wights
  2 electric eels (Lair:4)
  2 howler monkeys (D:6)
  2 centaur zombies
  4 crimson imps
  4 jellies
  4 orc priests
  Crazy Yiuf (D:4)
  3 bullfrog skeletons
  2 centaur skeletons (D:9)
  3 hounds
  Jessica (D:2)
  3 iguanas
  Natasha (thrice) (D:2)
  17 orc wizards
  A hell rat (Lair:6)
  8 worker ants
  A statue (D:9)
  4 gnolls (D:7)
  A river rat (D:3)
  16 adders
  A shadow imp (D:9)
  3 oozes
  2 adder skeletons
  5 worms
  2 dart slugs (D:3)
  5 leopard geckos
  54 orcs
  3 ball pythons
  6 giant cockroaches
  9 goblins
  5 hobgoblins
  11 jackals
  10 kobolds
  3 quokkas
  7 bats
  3 frilled lizards
  A leopard gecko skeleton (D:5)
  15 rats
  A fulminant prism (Lair:6)
  3 fungi
  3 plants
498 creatures vanquished.

Vanquished Creatures (collateral kills)
  A spriggan (Lair:5)
1 creature vanquished.

Vanquished Creatures (others)
  An orc warrior (D:11)
  129 fulminant prisms
  7 fungi
  4 plants
141 creatures vanquished.

Grand Total: 640 creatures vanquished

Notes
Turn   | Place    | Note
-------+----------+-------------------------------------------
     0 | D:1      | Ezendos the Deep Elf Conjurer began the quest for the Orb.
     0 | D:1      | Reached XP level 1. HP: 10/10 MP: 6/6
   166 | D:1      | Reached XP level 2. HP: 15/15 MP: 5/8
   347 | D:1      | Reached skill level 5 in Conjurations
   383 | D:1      | Learned a level 2 spell: Searing Ray
   820 | D:2      | Reached XP level 3. HP: 19/19 MP: 5/10
  1100 | D:2      | Noticed Natasha
  1104 | D:2      | Killed Natasha
  1231 | D:2      | Reached XP level 4. HP: 24/24 MP: 8/12
  1237 | D:2      | Learned a level 4 spell: Iskenderun's Mystic Blast
  1371 | D:2      | Noticed Natasha
  1376 | D:2      | Killed Natasha
  1595 | D:2      | Found a glowing golden altar of the Shining One.
  1609 | D:2      | Noticed Natasha
  1613 | D:2      | Killed Natasha
  1613 | D:2      | Reached XP level 5. HP: 18/28 MP: 9/14
  1846 | D:2      | Noticed Jessica
  1849 | D:2      | Killed Jessica
  2131 | D:3      | Reached skill level 5 in Spellcasting
  2680 | D:3      | Reached XP level 6. HP: 26/32 MP: 11/15
  2701 | D:3      | Found a sacrificial altar of Ru.
  3035 | D:3      | You fall into a shaft and drop 2 floors!
  3035 | D:5      | Entered Level 5 of the Dungeon
  3061 | D:4      | Found a sparkling altar of Nemelex Xobeh.
  3062 | D:4      | Found a runed translucent door.
  3062 | D:4      | Noticed Gargoyl's ghost (novice CeAK)
  3180 | D:4      | Reached skill level 1 in Fighting
  3239 | D:4      | Found an opulent altar of Gozag.
  3867 | D:4      | Found a runed translucent door.
  3868 | D:4      | Noticed Crazy Yiuf
  3872 | D:4      | Killed Crazy Yiuf
  4127 | D:4      | Learned a level 3 spell: Dazzling Spray
  4257 | D:5      | Reached skill level 1 in Hexes
  4257 | D:5      | Reached XP level 7. HP: 40/40 MP: 5/16
  4330 | D:5      | Found a staircase to the Ecumenical Temple.
  4339 | Temple   | Entered the Ecumenical Temple
  4731 | D:5      | Noticed Dowan
  4734 | D:5      | Noticed Duvessa
  5188 | D:6      | Found Axiec's Weapon Boutique.
  5204 | D:6      | Reached skill level 5 in Dodging
  5225 | D:6      | Found Feugo's Distillery.
  5228 | D:6      | Found Yhuph's Gadget Emporium.
  5237 | D:6      | Bought a potion of mutation for 96 gold pieces
  5411 | D:6      | Found Uptith's Distillery.
  5421 | D:6      | Bought a potion of berserk rage for 55 gold pieces
  5421 | D:6      | Bought a potion of ambrosia for 88 gold pieces
  5443 | D:6      | Reached XP level 8. HP: 18/46 MP: 6/20
  5775 | D:6      | Found Vunga's Magic Scroll Shoppe.
  5837 | D:6      | Learned a level 3 spell: Mephitic Cloud
  5840 | D:6      | Learned a level 2 spell: Poisonous Vapours
  6147 | D:5      | Reached skill level 1 in Air Magic
  6147 | D:5      | Reached skill level 1 in Poison Magic
  6365 | D:5      | Killed Duvessa
  6377 | D:5      | Killed Dowan
  6896 | D:7      | Got a transparent bone ring
  6903 | D:7      | Identified the ring "Usiaw" {rPois Str+5 Int-2 Stlth+} (You
                  | found it on level 7 of the Dungeon)
  7201 | D:7      | Learned a level 4 spell: Fulminant Prism
  7243 | D:7      | Noticed a hippogriff
  7251 | D:7      | Killed a hippogriff
  7432 | D:7      | Found a shimmering altar of Xom.
  7437 | D:7      | Found a bloodstained altar of Trog.
  7658 | D:8      | Reached XP level 9. HP: 53/53 MP: 13/21
  7838 | D:8      | Reached skill level 1 in Short Blades
  7991 | D:8      | Reached skill level 5 in Fighting
  8301 | D:8      | Found a hide-covered altar of Uskayaw.
  8474 | D:6      | Bought a scroll of noise for 13 gold pieces
  9271 | D:8      | Identified a scroll of acquirement
  9562 | D:9      | Noticed Gastronok
 10007 | D:9      | Identified the +6 war axe "Boacveom" {speed, *Corrode rPois
                  | rN+++ Stlth+}
 10213 | D:9      | Found a staircase to the Lair.
 10499 | D:9      | Found a hazy altar of Hepliaklqana.
 10560 | D:9      | Found a radiant altar of Vehumet.
 10597 | D:9      | Became a worshipper of Vehumet
 10628 | D:9      | Noticed a two-headed ogre
 11086 | Lair:1   | Entered Level 1 of the Lair of Beasts
 11219 | Lair:1   | Reached XP level 10. HP: 64/64 MP: 13/22
 11290 | Lair:1   | Noticed a spiny frog
 11312 | Lair:1   | Killed a spiny frog
 11472 | Lair:1   | Noticed Fannar
 11636 | D:9      | Noticed Grum
 11643 | D:9      | Killed Grum
 11907 | Lair:1   | Noticed a black mamba
 12004 | D:10     | Entered Level 10 of the Dungeon
 12011 | D:10     | Noticed a two-headed ogre
 12055 | D:9      | Killed a two-headed ogre
 12497 | D:9      | HP: 2/66 [Gastronok/the air (27)]
 13430 | D:9      | Found a white marble altar of Elyvilon.
 13430 | D:9      | Found a deep blue altar of Sif Muna.
 13431 | D:9      | Found a blossoming altar of Fedhas.
 13646 | D:10     | Found Cuzi's Distillery.
 13654 | D:10     | Bought a potion of heal wounds for 70 gold pieces
 13787 | D:10     | Found Wufev's Magic Scroll Shop.
 13790 | D:10     | Bought a scroll of magic mapping for 52 gold pieces
 13796 | D:10     | Bought a scroll of identify for 30 gold pieces
 13796 | D:10     | Bought a scroll of identify for 30 gold pieces
 13808 | D:10     | Found Ejuini Eggeu's Armour Emporium.
 13816 | D:10     | Bought a +0 buckler for 76 gold pieces
 13843 | D:10     | Reached skill level 1 in Shields
 14393 | D:10     | Noticed a gargoyle
 14540 | D:10     | Found Qoc Xiem's Antique Weapon Boutique.
 14636 | D:10     | Noticed a two-headed ogre
 14650 | D:10     | Killed a two-headed ogre
 14650 | D:10     | Reached skill level 1 in Evocations
 14650 | D:10     | Reached XP level 11. HP: 54/71 MP: 9/24
 15102 | D:11     | Noticed Maurice
 15102 | D:11     | Noticed a brown ugly thing
 15904 | Lair:1   | Killed Fannar
 16505 | Lair:2   | Found a staircase to the Snake Pit.
 16729 | Lair:2   | Noticed Urug
 16761 | Lair:2   | Reached skill level 5 in Evocations
 17131 | Lair:2   | Killed Urug
 17131 | Lair:2   | Reached skill level 10 in Spellcasting
 17713 | Lair:3   | Learned a level 4 spell: Airstrike
 17987 | Lair:3   | Found a runed translucent gate.
 17988 | Lair:3   | Found a runed translucent gate.
 17989 | Lair:3   | Found a runed translucent gate.
 17989 | Lair:3   | Noticed a death ooze
 17991 | Lair:3   | Noticed Vuisesm's ghost (journeyman SpEn)
 17993 | Lair:3   | Found a viscous altar of Jiyva.
 18008 | Lair:3   | Noticed an eight-headed hydra
 18027 | Lair:2   | Killed an eight-headed hydra
 18305 | Lair:3   | Reached skill level 5 in Air Magic
 18708 | Lair:3   | Reached XP level 12. HP: 76/76 MP: 22/28
 19722 | Lair:4   | Noticed Josephine
 19734 | Lair:4   | Killed Josephine
 19861 | Lair:4   | Noticed Kirke
 20359 | Lair:4   | Reached skill level 10 in Fighting
 20494 | Lair:4   | Reached * piety under Vehumet
 20494 | Lair:4   | Offered knowledge of Flame Tongue by Vehumet.
 20494 | Lair:4   | Killed Kirke
 20682 | Lair:4   | Found a staircase to the Shoals.
 20760 | Lair:4   | Noticed Sonja
 20771 | Lair:4   | Killed Sonja
 21561 | Lair:5   | Found a staircase to the Slime Pits.
 21874 | Lair:5   | Noticed a seven-headed hydra
 21913 | Lair:5   | Killed a seven-headed hydra
 22208 | Lair:5   | Noticed a death yak
 22231 | Lair:5   | Noticed a death yak
 22232 | Lair:5   | Killed a death yak
 22558 | Lair:5   | Noticed a death yak
 22558 | Lair:5   | Noticed a death yak
 22558 | Lair:5   | Noticed a death yak
 22571 | Lair:5   | Killed a death yak
 22577 | Lair:5   | Killed a death yak
 22580 | Lair:5   | Killed a death yak
 22580 | Lair:5   | Reached XP level 13. HP: 84/84 MP: 6/29
 23090 | Lair:6   | Entered Level 6 of the Lair of Beasts
 23324 | Lair:6   | Identified the Guide on Toxic Feathers
 23349 | Lair:5   | Reached ** piety under Vehumet
 23514 | Lair:5   | Offered knowledge of Throw Frost by Vehumet.
 24069 | Lair:6   | Reached skill level 10 in Dodging
 25049 | Lair:6   | Offered knowledge of Throw Flame by Vehumet.
 25767 | Lair:6   | Reached *** piety under Vehumet
 26151 | Lair:6   | Reached skill level 10 in Air Magic
 26219 | Lair:6   | Offered knowledge of Conjure Flame by Vehumet.
 26287 | Lair:5   | Learned a level 3 spell: Conjure Flame
 27318 | D:11     | Reached **** piety under Vehumet
 27489 | D:11     | Offered knowledge of Inner Flame by Vehumet.
 27580 | D:11     | Found a staircase to the Orcish Mines.
 27809 | D:11     | Killed Maurice
 28348 | D:11     | Got a fine ring mail
 28350 | D:11     | Identified the +5 ring mail of Jeuseqabb {rC++ rN+ Str+3
                  | Int-4} (You found it on level 11 of the Dungeon)
 28879 | D:12     | Noticed Frances
 29162 | D:12     | Reached skill level 5 in Hexes
 29183 | D:12     | Reached XP level 14. HP: 91/91 MP: 24/30
 29281 | D:11     | Learned a level 5 spell: Iskenderun's Battlesphere
 29358 | D:12     | Reached skill level 1 in Charms
 30145 | D:12     | Noticed Nergalle
 30152 | D:12     | Killed Nergalle
 30168 | D:12     | Reached ***** piety under Vehumet
 30241 | D:12     | Upgraded the game from 0.24-a0-416-g56ce5178b7 to
                  | 0.24-a0-417-g1cce26a4d2
 30572 | D:12     | Killed Frances
 31158 | D:13     | Noticed Snorg
 31167 | D:12     | Offered knowledge of Fireball by Vehumet.
 31197 | D:12     | Learned a level 5 spell: Fireball
 31285 | D:12     | HP: 1/91 [Snorg (10)]
 31285 | D:12     | Mangled by Snorg

Levels and vault maps discovered:
D:1:      dpeg_arrival_ratfight, layout_loops_ring, glass_columns_b
D:2:      layout_loops_ring, nicolae_tso_carved_into_rock, uniq_natasha,
          uniq_jessica
D:3:      layout_rooms, nicolae_ru_path_of_blood, lightli_sewer_entry_pipes
D:4:      layout_gridville, kennysheep_mini, nemelex_xobeh_ov_fountains_minmay,
          gammafunk_ghost_grave, minmay_fountain_box, uniq_crazy_yiuf_cottage
D:5:      layout_basic, minmay_temple_entry_statues_fountains, first_ration,
          uniq_duvessa
D:6:      layout_loops_cross, serial_shops, nicolae_shop_trees, shop_fountains,
          nicolae_shop_statue_plus, shop, nicolae_shop_waterfront
D:7:      layout_basic, minitemple
D:8:      layout_basic, eat_drink_and_be_merry_uskayaw
D:9:      minmay_general_purpose_star, layout_basic, old_standard_altar,
          gammafunk_temple_overflow_claw, vehumet_statue, lair_entry_dummy,
          uniq_grum, uniq_gastronok
D:10:     layout_roguey, serial_shops, shop, nicolae_shop_behind_doors, shop,
          shop, grunt_livestock, nrook_mini_vaults
D:11:     layout_cave_pools, erik_orc_1, uniq_maurice
D:12:     layout_layer_cave, uniq_nergalle, uniq_frances
D:13:     minmay_chambers_of_sevens, layout_irregular_city, serial_shops, shop,
          uniq_snorg
Temple:   zaba_magenta_temple
Lair:1:   layout_hall_layers, infiniplex_staircase_pool_2, grunt_megastairs_4,
          uniq_fannar
Lair:2:   layout_regular_city, guppyfry_snake_entry_island, uniq_urug
Lair:3:   layout_long_grid, gammafunk_ghost_ooze
Lair:4:   layout_big_grid, minmay_shoals_entry_centaurs, serial_bayou_lake_a,
          grunt_megastairs_2, uniq_sonja, uniq_kirke, uniq_josephine
Lair:5:   layout_roguey, nicolae_slime_entry_slimehenge,
          nicolae_lair_grove_arrangements, st_stairs_3, grunt_megastairs_3
Lair:6:   minmay_lair_end_enchanted_forest, layout_regular_city,
          minmay_lair_oklob_bushes, grunt_megastairs_1

Skill      XL: |  1  2  3  4  5  6  7  8  9 10 11 12 13 14 |
---------------+-------------------------------------------+-----
Conjurations   | 5 6 7 9 |  9.8
Spellcasting   | 4 5 6 7 10 11 | 11.0
Fighting       | 2 3 4 7 9 10 11 | 11.8
Dodging        | 3 5 9 11 | 11.5
Hexes          | 1 2 3 4 5 |  5.2
Air Magic      | 3 5 8 10 | 10.3
Poison Magic   | 3 |  3.0
Short Blades   | 4 |  4.0
Shields        | 4 |  4.0
Evocations     | 1 5 |  5.7
Charms         | 4 |  4.2
Stealth        | |  2.4

Action                   |  1- 3 |  4- 6 |  7- 9 | 10-12 | 13-15 || total
-------------------------+-------+-------+-------+-------+-------++-------
Melee: Dagger            |       |    11 |    47 |    29 |    24 ||   111
       Staff             |       |       |     2 |     3 |     2 ||     7
 Cast: Magic Dart        |    61 |   141 |   126 |    65 |    92 ||   485
       Searing Ray       |     2 |     6 |    15 |    24 |    19 ||    66
       Iskenderun's Myst |       |    11 |    62 |    91 |    97 ||   261
       Poisonous Vapours |       |       |    32 |    94 |   124 ||   250
       Mephitic Cloud    |       |       |     3 |     6 |     9 ||    18
       Fulminant Prism   |       |       |    16 |    84 |    30 ||   130
       Dazzling Spray    |       |       |     1 |    17 |    13 ||    31
       Airstrike         |       |       |       |    36 |    85 ||   121
       Conjure Flame     |       |       |       |       |     7 ||     7
       Iskenderun's Batt |       |       |       |       |    16 ||    16
       Fireball          |       |       |       |       |     2 ||     2
Evoke: Wand              |       |       |       |     4 |     1 ||     5
       Fan of gales      |       |       |       |       |     1 ||     1
  Use: Scroll            |       |    15 |    10 |     7 |     8 ||    40
       Potion            |       |     5 |       |       |     2 ||     7
 Stab: Sleeping          |       |       |     7 |       |       ||     7
       Confused          |       |       |     1 |     3 |     1 ||     5
       Invisible         |       |       |     1 |     1 |     1 ||     3
  Eat: Chunk             |     1 |     7 |    15 |    14 |    17 ||    54
       Ration            |       |     1 |     4 |     8 |     3 ||    16
Armor: Robe              |     3 |     7 |    20 |    28 |    33 ||    91
Dodge: Dodged            |    11 |    24 |    64 |    91 |   150 ||   340
Block: Other             |       |       |    14 |    26 |       ||    40
       Buckler           |       |       |       |    53 |   140 ||   193
       Reflection        |       |       |       |     2 |     9 ||    11

Table legend:
 A = Non-vault XP
 B = Vault XP
 C = Vault XP percentage of total XP
 D = Non-vault monster count
 E = Vault monster count
 F = Vault count percentage of total count
                 A         B        C        D         E       F
            +---------+---------+-------+---------+---------+-------
      Total |   46549 |   24431 |  34.4 |     372 |     121 |  24.5
            +---------+---------+-------+---------+---------+-------
        D:1 |      31 |       5 |  13.9 |      14 |       5 |  26.3
        D:2 |     145 |      72 |  33.2 |      28 |       2 |   6.7
        D:3 |     160 |      42 |  20.8 |      33 |       5 |  13.2
        D:4 |     179 |      42 |  19.0 |       9 |       1 |  10.0
        D:5 |     618 |     220 |  26.3 |      17 |       2 |  10.5
        D:6 |     536 |       0 |   0.0 |      11 |       0 |   0.0
        D:7 |     706 |       0 |   0.0 |      18 |       0 |   0.0
        D:8 |    1067 |       0 |   0.0 |      22 |       0 |   0.0
        D:9 |    1981 |     762 |  27.8 |      22 |       7 |  24.1
       D:10 |    2463 |     993 |  28.7 |      14 |       5 |  26.3
       D:11 |    2954 |     983 |  25.0 |      37 |      18 |  32.7
       D:12 |    5943 |    2989 |  33.5 |      43 |       2 |   4.4
       D:13 |     408 |       0 |   0.0 |       2 |       0 |   0.0
     Lair:1 |    3296 |     988 |  23.1 |      14 |       2 |  12.5
     Lair:2 |    4203 |    1016 |  19.5 |      15 |       2 |  11.8
     Lair:3 |    3249 |       0 |   0.0 |      15 |       0 |   0.0
     Lair:4 |    1189 |    6587 |  84.7 |       7 |      16 |  69.6
     Lair:5 |   10409 |    1635 |  13.6 |      24 |      11 |  31.4
     Lair:6 |    7012 |    8097 |  53.6 |      27 |      43 |  61.4
            +---------+---------+-------+---------+---------+-------
